AoeStats
← iM 我要打十个

Arena

507388532Analyzed
3v3 RM · 16d ago on Sep 18, 2026· 37m 19s· 6 players
Game mode
Random Map
Map size
Normal (6 player)
Population
200
Speed
Normal
Resources
Standard
Victory
Conquest
Starting age
Dark Age
Ending age
Imperial Age
RankedLock teamsTeams togetherTeam positionsShared explorationLock speedFull tech treeHidden civsTurbo modeCheats
Victory
Defeat
🇦🇷 Japanese · Argentina
1583
+7
🇨🇳 Ethiopians · China
1319
+17
1184
+21
🇺🇾 Mapuche · Uruguay
1356
-16
🇺🇾 Dravidians · Uruguay
1354
-16
🇺🇾 Shu · Uruguay
1301
-13
DavidTG
11:37 Feudal Age
15:36 Castle Age
13:56 Double-Bit Axe
13:52 Horse Collar
17:27 Bow Saw
21:56 Stone Mining
22:47 Wheelbarrow
23:11 Gold Mining
23:22 Heavy Plow
23:31 Heavy Plow
23:20 Loom
25:16 Stone Mining
26:02 Gold Shaft Mining
27:52 Hand Cart
30:15 Imperial Age
28:43 Stone Shaft Mining
28:44 Forging
30:02 Iron Casting
29:59 Fletching
30:09 Padded Archer Armor
30:46 Malon
32:17 Blast Furnace
31:14 Elite Bolas Rider
33:52 Bodkin Arrow
34:13 Leather Archer Armor
34:35 Crop Rotation
36:57 Malon
37:17 Conscription
Lautreamont
10:46 Feudal Age
14:41 Castle Age
12:44 Horse Collar
15:11 Double-Bit Axe
15:33 Town Watch
21:59 Bow Saw
21:36 Loom
25:39 Wheelbarrow
28:47 Imperial Age
26:15 Gold Mining
27:05 Fletching
27:15 Padded Archer Armor
27:29 Stone Mining
28:04 Bodkin Arrow
28:44 Ballistics
28:47 Leather Archer Armor
30:36 Chemistry
31:54 Two-Man Saw
31:07 Bracer
33:15 Elite Skirmisher
34:28 Ring Archer Armor
Gral_Artigas
11:06 Feudal Age
15:07 Castle Age
13:35 Double-Bit Axe
14:23 Horse Collar
16:29 Bow Saw
17:57 Loom
17:57 Town Watch
29:41 Imperial Age
30:12 Wheelbarrow
30:38 Fletching
33:39 Bodkin Arrow
36:07 Hand Cart
36:53 Bracer
37:56 Ballistics
iM 我要打十个
1:14 Loom
2:41 Loom
3:50 Loom
4:37 Loom
10:00 Feudal Age
11:52 Loom
16:14 Castle Age
14:46 Double-Bit Axe
22:07 Bow Saw
22:35 Wheelbarrow
21:45 Town Watch
23:13 Fervor
23:23 Sanctity
23:34 Horse Collar
26:13 Bloodlines
26:23 Hand Cart
26:16 Heavy Plow
27:02 Town Watch
27:09 Gold Mining
32:13 Imperial Age
29:25 Treadmill Crane
30:37 Scale Barding Armor
30:34 Town Patrol
31:24 Masonry
31:40 Chain Barding Armor
32:34 Forging
32:28 Husbandry
32:47 Cavalier
34:12 Conscription
36:02 Chemistry
36:19 Plate Barding Armor
36:19 Iron Casting
36:09 Devotion
37:34 Coinage
37:47 Tower Shields
嚯嚯嚯嚯
10:30 Feudal Age
14:11 Castle Age
12:45 Double-Bit Axe
13:05 Horse Collar
20:40 Wheelbarrow
21:04 Bow Saw
21:29 Heavy Plow
21:45 Stone Mining
23:19 Gold Mining
24:44 Gold Shaft Mining
24:33 Hand Cart
27:48 Imperial Age
25:13 Fletching
25:24 Padded Archer Armor
26:24 Bodkin Arrow
27:23 Bloodlines
27:13 Husbandry
27:35 Ballistics
27:19 Loom
27:54 Guard Tower
28:52 Bracer
29:07 Leather Archer Armor
28:35 Capped Ram
30:28 Chemistry
29:29 Elite Skirmisher
30:37 Siege Engineers
31:17 Parthian Tactics
31:25 Ring Archer Armor
31:32 Conscription
32:10 Scale Mail Armor
32:16 Elite Samurai
33:42 Squires
33:28 Arson
33:28 Gambesons
34:02 Chain Mail Armor
33:57 Forging
35:18 Plate Mail Armor
38:03 Two-Man Saw
37:42 Gold Shaft Mining
37:09 Treadmill Crane
37:42 Careening
cloud678
1:10 Loom
11:02 Feudal Age
12:43 Wheelbarrow
15:30 Castle Age
14:24 Double-Bit Axe
15:14 Stone Mining
15:46 Horse Collar
17:23 Bow Saw
31:05 Fletching
38:55 Imperial Age
Connection lost

Rejoining the realm…

Still unreachable

The connection could not be restored.

Session expired

The server has moved on; the page needs a fresh start.